[Event "2nd Turkish League 2017"]
[Site "Konya"]
[Date "2017.07.23"]
[Round "9"]
[White "Sariisik, Cagdas"]
[Black "Celik, Berkay"]
[Result "0-1"]
[ECO "B06"]
[WhiteElo "1468"]
[BlackElo "1963"]
[Annotator "NA"]
[PlyCount "124"]
[EventType "team-tourn"]
[EventCountry "TUR"]
[SourceTitle "playchess.com"]
[Source "ChessBase"]
[SourceQuality "1"]
[TimeControl "5400+30"]

1. e4 g6 2. Nf3 Bg7 3. d4 d6 4. Bc4 Nf6 5. Qe2 O-O 6. O-O Nc6 7. c3 e5 8. Na3 Qe7 9. Re1 Bg4 10. Nc2 Rfe8 11. d5 Nd8 12. h3 Bd7 13. a4 h6 14. a5 a6 15. Nd2 Nh7 16. b4 f5 17. f3 f4 18. Bb3 g5 19. c4 Nf7 20. Ba3 h5 21. c5 Nf6 22. Bc4 g4 23. hxg4 hxg4 24. Rec1 Nh5 25. Ne1 g3 26. Kf1 Qh4 27. Qd3 Qh2 28. Ke2 Bh3 29. Nf1 Qg1 30. gxh3 g2 31. Nxg2 Qxg2+ 32. Kd1 Ng5 33. Nd2 Nxh3 34. Qf1 Qh2 35. Kc2 Ng3 36. Qe1 Ng5 37. Qg1 Nxf3 38. Qxh2 Nxh2 39. Bb2 Ng4 40. Bd3 Kf7 41. c6 bxc6 42. dxc6 Rh8 43. Nf3 Bf6 44. b5 axb5 45. Bxb5 Nxe4 46. a6 Ne3+ 47. Kb3 Nc5+ 48. Kb4 Nd5+ 49. Kc4 Nb6+ 50. Kb4 Rh3 51. Nxe5+ Bxe5 52. Bxe5 Rb3+ 53. Ka5 Nxa6 54. Bxa6 dxe5 55. Rc5 Ke6 56. Rb5 Nc4+ 57. Ka4 Rb2 58. Rxb2 Rxa6+ 59. Kb3 Rxa1 60. Kxc4 Rc1+ 61. Kb5 f3 62. Ka6 Rxc6+ 0-1

[Event "2nd Turkish League 2017"]
[Site "Konya"]
[Date "2017.07.23"]
[Round "9"]
[White "Yaman, Sila"]
[Black "Ilkbahar, Nimet Seray"]
[Result "0-1"]
[ECO "A46"]
[WhiteElo "1342"]
[BlackElo "1618"]
[Annotator "NA"]
[PlyCount "78"]
[EventType "team-tourn"]
[EventCountry "TUR"]
[SourceTitle "playchess.com"]
[Source "ChessBase"]
[SourceQuality "1"]
[TimeControl "5400+30"]

1. d4 d5 2. e3 Nf6 3. Bd3 c5 4. c3 cxd4 5. exd4 Nc6 6. f4 g6 7. Nf3 Bg7 8. O-O O-O 9. Nbd2 Qb6 10. Ne5 Nxe5 11. fxe5 Ng4 12. Nf3 Nxe5 13. Nxe5 Bxe5 14. Qe2 Bf6 15. Bh6 Rd8 16. Rae1 Be6 17. h4 Qc7 18. Bf4 Qd7 19. g3 Bh3 20. Rf2 Qg4 21. Qxg4 Bxg4 22. Ref1 Bh3 23. Re1 a6 24. Kh2 Be6 25. Be5 Bg7 26. h5 Bxe5 27. Rxe5 Kg7 28. hxg6 hxg6 29. Rf1 Rh8+ 30. Kg1 Rh3 31. Kg2 Rah8 32. Rf2 Rh2+ 33. Kf1 Rxf2+ 34. Kxf2 Rh2+ 35. Kf3 Rxb2 36. Re2 Rxe2 37. Kxe2 Bf5 38. Bxf5 gxf5 39. Kf3 Kg6 0-1

[Event "2nd Turkish League 2017"]
[Site "Konya"]
[Date "2017.07.23"]
[Round "9"]
[White "Meylani, Irem Serdil"]
[Black "Catal, Uktenur"]
[Result "1/2-1/2"]
[ECO "B28"]
[WhiteElo "1288"]
[BlackElo "1613"]
[Annotator "NA"]
[PlyCount "27"]
[EventType "team-tourn"]
[EventCountry "TUR"]
[SourceTitle "playchess.com"]
[Source "ChessBase"]
[SourceQuality "1"]
[TimeControl "5400+30"]

1. e4 c5 2. Nf3 a6 3. d4 cxd4 4. Nxd4 Nf6 5. Nc3 e5 6. Nb3 Bb4 7. Bd3 d5 8. exd5 Nxd5 9. Bd2 Nxc3 10. bxc3 Bd6 11. c4 Qc7 12. Qf3 O-O 13. Ba5 Qe7 14. O-O 1/2-1/2